 Dungeon Crawl Stone Soup version 0.26-a0-466-g989023bd0d (webtiles) character file.

Game seed: 16580670928625128140

123 night the Stinger (level 4, -3/33 HPs)
             Began as a Draconian Venom Mage on Aug 13, 2020.
             Slain by a goblin (6 damage)
             ... led by Robin
             ... on level 2 of the Dungeon.
             The game lasted 00:06:37 (2748 turns).

night the Stinger (Draconian Venom Mage)            Turns: 2748, Time: 00:06:37

Health: -3/33      AC:  7    Str: 11    XL:     4   Next: 79%
Magic:  3/9        EV: 12    Int: 16    God:
Gold:   78         SH:  0    Dex: 11    Spells: 4/10 levels left

rFire    . . .     SeeInvis .   d - +0 dagger (holy)
rCold    + . .     Faith    .   (no shield)
rNeg     . . .     Spirit   .   (armour unavailable)
rPois    .         Reflect  .   (helmet restricted)
rElec    .         Harm     .   (no cloak)
rCorr    .                      e - +0 pair of gloves
MR       +....                  h - +0 pair of boots
Stlth    ++........             (no amulet)
HPRegen  0.11/turn              (no ring)
MPRegen  0.11/turn              (no ring)

@: very slightly contaminated
A: unfitting armour, cold resistance 1, magic resistance 1, cold-blooded, AC +5
a: no special abilities


You were on level 2 of the Dungeon.
You visited 1 branch of the dungeon, and saw 3 of its levels.

You collected 78 gold pieces.

Inventory:

Hand Weapons
 d - a +0 dagger of holy wrath (weapon)
Missiles
 c - 10 poisoned darts (quivered)
 j - 5 boomerangs
Armour
 e - a +0 pair of gloves (worn)
 h - a +0 pair of boots (worn)
Scrolls
 a - a scroll of identify
 f - a scroll of magic mapping {unknown}
 g - a scroll of immolation {unknown}
 i - 2 scrolls of amnesia
Potions
 b - a potion of magic


   Skills:
 - Level 1.7 Dodging
 - Level 1.7 Stealth
 + Level 3.6 Spellcasting
 - Level 1.0 Transmutations
 + Level 4.4 Poison Magic


You had 4 spell levels left.
You knew the following spells:

 Your Spells              Type           Power        Failure   Level
a - Sting                 Tmut/Pois      ##..         6%          1
b - Poisonous Vapours     Pois/Air       ##....       11%         2
c - Ignite Poison         Fire/Tmut/Pois #.......     26%         3

Your spell library contained the following spells:

 Spells                   Type           Power        Failure   Level
 Mephitic Cloud           Conj/Pois/Air  #.......     28%         3
 Olgreb's Toxic Radiance  Pois           ###.....     28%         4


Dungeon Overview and Level Annotations

Branches:
Dungeon (3/15)

Altars:

Annotations:
D:3 Robin


Innate Abilities, Weirdness & Mutations

Your plain brown scales are hard. (AC +5)
You cannot fit into any form of body armour.
You are cold-blooded and may be slowed by cold attacks.
Your flesh is cold resistant. (rC+)
You are resistant to hostile enchantments. (MR+)


Message History

The hobgoblin is moderately wounded.
The hobgoblin misses you. The hobgoblin hits you with a +0 club.
* * * LOW HITPOINT WARNING * * *
The goblin hits you but does no damage.
You hit the hobgoblin.
The hobgoblin is severely wounded.
The hobgoblin hits you.
* * * LOW HITPOINT WARNING * * *
The goblin closely misses you.
The hobgoblin hits you but does no damage.
Okay, then.
Okay, then.
Casting: Sting (safe; 6% risk of failure)
Confirm with . or Enter, or press ? or * to list all spells.
Press: ? - help, Shift-Dir - straight line, f - goblin, p - hobgoblin
Aim: a goblin (strong)
The sting hits the goblin.
The goblin is poisoned.
The goblin is moderately wounded.
The hobgoblin barely misses you. The goblin hits you.
You die...

###.##.##.##.#.#.###..
#.##.....[.#.##.#.##
#.#####.####.###.## #####.#
###.# #.# #.# #...#.# #...#
#.# #.# #.#...# #.### #.#
#.# #.....###.## #.# #.#
####..#####g#.#####.###.###
#..†...).g@###............#
#.##^.#####g#.#####........
#.##..######.## #.###.###
#.##.....###.## #.# #....
#.###.#.#.#...#####.# #####
#.# #.[###..........# # #.#
#.#.#.#...####### # #.#
#.##.###.## #
#.###.######.##### #


You could see 2 hobgoblins and a goblin (strong, poisoned).

Vanquished Creatures
  5 adders (D:2)
  A dart slug (D:2)
  2 worms (D:2)
  4 leopard geckos
  11 goblins
  9 hobgoblins
  A jackal (D:2)
  7 kobolds
  2 quokkas (D:2)
  A ball python (D:1)
  8 bats
  A frilled lizard (D:2)
  15 rats
67 creatures vanquished.

Vanquished Creatures (others)
  A hobgoblin (D:2)
1 creature vanquished.

Grand Total: 68 creatures vanquished

Notes
Turn   | Place    | Note
-------+----------+-------------------------------------------
     0 | D:1      | night the Draconian Venom Mage began the quest for the Orb.
     0 | D:1      | Reached XP level 1. HP: 14/14 MP: 3/3
   176 | D:1      | Reached XP level 2. HP: 20/20 MP: 1/5
   739 | D:1      | Reached XP level 3. HP: 26/26 MP: 5/7
  1637 | D:2      | Learned a level 2 spell: Poisonous Vapours
  1641 | D:2      | Learned a level 3 spell: Ignite Poison
  1786 | D:2      | Reached skill level 4 in Poison Magic
  1870 | D:2      | Reached XP level 4. HP: 33/33 MP: 4/8
  2221 | D:2      | Gained mutation: Your flesh is cold resistant. (rC+)
                  | [potion of mutation]
  2221 | D:2      | Gained mutation: You are resistant to hostile enchantments.
                  | (MR+) [potion of mutation]
  2654 | D:3      | Noticed Robin
  2747 | D:2      | HP: 3/33 [hobgoblin (6)]
  2748 | D:2      | Slain by a goblin

Illustrated notes

Levels and vault maps discovered:
D:1:      dpeg_arrival_subterranean_lakeside_camping, layout_rooms,
          minmay_misc_feat_ornament
D:2:      layout_loops_ring, minmay_vboxes
D:3:      layout_loops_ring, uniq_terence, uniq_robin

Skill      XL: |  1  2  3 |
---------------+----------+-----
Spellcasting   | 3 |  3.6
Poison Magic   | 4 |  4.4
Dodging        | |  1.7
Stealth        | |  1.7
Transmutations | |  1.0

Action                   |  1- 3 |  4- 6 || total
-------------------------+-------+-------++-------
Melee: Unarmed           |    29 |       ||    29
       Tailslap          |     8 |       ||     8
       Dagger            |    52 |    12 ||    64
 Cast: Sting             |    68 |    31 ||    99
  Use: Scroll            |     2 |     3 ||     5
       Potion            |       |     1 ||     1
 Stab: Sleeping          |     1 |       ||     1
Armor: Skin              |    42 |    25 ||    67
Dodge: Dodged            |    81 |    36 ||   117

Table legend: (Time is in decaauts)
 A = Elapsed time spent in this place.
 B = Non-inter-level travel time spent in this place.
 C = Inter-level travel time spent in this place.
 D = Time resting spent in this place.
 E = Time spent auto-exploring this place.
 F = Levels seen in this place.
 G = Mean time per level.
                   A        B        C        D        E       F      G
               +--------+--------+--------+--------+--------+-----+--------+
         Total |   2756 |   2675 |     81 |    517 |   1655 |   3 |  918.7 |
       Dungeon |   2756 |   2675 |     81 |    517 |   1655 |   3 |  918.7 |
               +--------+--------+--------+--------+--------+-----+--------+

Top non-repeatable levels by time:
     D:2: 1444 daAuts
     D:1: 1300 daAuts
     D:3: 11 daAuts
